 Dungeon Crawl Stone Soup version 0.31-a0-472-g43a2ca8e1b (webtiles) character file.

Game seed: 11754253563573432556

67 Ethylacetat the Changeling (level 4, -3/29 HPs)
             Began as an Octopode Shapeshifter on Aug 6, 2023.
             Killed from afar by Natasha (13 damage)
             ... with a puff of flame
             ... on level 3 of the Dungeon.
             The game lasted 00:01:06 (1533 turns).

Ethylacetat the Changeling (Octopode Shapeshifter)  Turns: 1533, Time: 00:01:07

Health: -3/29      AC:  1    Str: 14    XL:     4   Next: 16%
Magic:  4/4        EV: 13    Int: 10    God:
Gold:   56         SH:  0    Dex: 14    Spells: 3/3 levels left

rFire   . .          .
                       - Unarmed
rCold   . . .        (no shield)
rNeg    . . .        (helmet currently unavailable)
rPois   .            (no amulet)
rElec   .            (no ring)
rCorr   .            (no ring)
SInv    .            (no ring)
Will    .....        (no ring)
Stlth   ++           (no ring)
HPRegen 0.24/turn    (no ring)
MPRegen 0.09/turn    (no ring)
                     (no ring)

%: no passive effects
@: beast-form
A: beast (slay +2), almost no armour, amphibious, 8 rings, camouflage 1,
gelatinous body 1, (nimble swimmer 1), tentacles
a: Begin Untransformation


You were on level 3 of the Dungeon.
You were a hulking beast.
You visited 1 branch of the dungeon, and saw 3 of its levels.

You collected 56 gold pieces.

Inventory:

Jewellery
 c - a ring of flight
 s - a +6 ring of dexterity
Talismans
 b - a beast talisman (active)
Scrolls
 d - 2 scrolls of fear {unknown}
 f - a scroll of brand weapon {unknown}
 g - a scroll of acquirement {unknown}
 i - a scroll of silence {unknown}
 l - a scroll of enchant weapon {unknown}
 m - a scroll of amnesia {unknown}
 n - a scroll of blinking {unknown}
 o - a scroll of revelation {unknown}
 q - 2 scrolls of teleportation {unknown}
 r - 3 scrolls of identify {unknown}
 t - a scroll of torment {unknown}
Potions
 a - 2 potions of lignification
 e - a potion of enlightenment {unknown}
 h - 4 potions of curing {unknown}
 j - a potion of brilliance {unknown}
 k - 2 potions of mutation {unknown}
 p - a potion of resistance {unknown}
 u - a potion of haste {unknown}


   Skills:
 + Level 2.0 Fighting
 - Level 2.0 Dodging
 + Level 3.5 Unarmed Combat
 * Level 3.8 Shapeshifting


You had 3 spell levels left.
You didn't know any spells.
Your spell library contained the following spells:

 Spells                   Type           Power      Damage    Failure   Level
 Necrotise                Necr           0%         1d4       36%         1
 Vampiric Draining        Necr           0%         2d6       75%         3
 Agony                    Necr           0%         N/A       100%        5


Dungeon Overview and Level Annotations

Branches:
Dungeon (3/15)

Altars:

Annotations:
D:3 Natasha


Innate Abilities, Weirdness & Mutations

You are a hulking beast.
Your limbs bulge with bestial killing power. (Slay +2)
You cannot wear most types of armour.
You are amphibious.
You can wear up to eight rings at the same time.
Your skin changes colour to match your surroundings (Stealth+).
Your rubbery body absorbs attacks. (AC +1, EV +1)
((You are camouflaged when in or above water. (Stealth+)))
You have tentacles for arms and can constrict up to eight enemies at once.


Message History

An orc comes into view. It is wielding a +0 dagger.
An orc wizard comes into view. It is wielding a +0 dagger.
Natasha moves out of view.
You see here a +0 ring mail.
The orc wizard points at you and mumbles some strange words.
You are confused.
There are monsters nearby!
You are too confused!
There are monsters nearby!
You are too confused!
You are too confused!
You are too confused!
Natasha hisses angrily.
You bump into the rock wall.
You feel less confused.
There is a stone staircase leading up here.
There are monsters nearby!
You swing at nothing.
Natasha zaps a wand.
The puff of flame hits you!
You swing at nothing.
Natasha zaps a wand.
The puff of flame hits you.
You swing at nothing.
You tentacle-slap the orc but do no damage.
You grab the orc. You squeeze the orc.
The orc is moderately wounded.
You constrict the orc.
The orc wizard mumbles some strange words.
The orc wizard flickers and vanishes!
Deactivating autopickup; reactivate with Ctrl-A.
The orc hits you with a +0 dagger.
Natasha mewls in sadness.
Natasha casts a spell.
You tentacle-slap the orc. You squeeze the orc.
You kill the orc!
Natasha zaps a wand.
The puff of flame hits you!
You swing at nothing.
Natasha casts a spell at you. You resist with some effort.
You swing at nothing.
You closely miss Natasha. Your grab misses Natasha.
Natasha zaps a wand.
The puff of flame hits you!
You die...

. . [##
#.. #.#
#.# #.#
#h# #
#h#####[#
#o......#
##.##.####
#.[.......
#..###.###
#....#
......$#
..#.......


You could see Natasha and an orc.

Vanquished Creatures
  An adder (D:2)
  3 dart slugs
  An orc (D:3)
  4 endoplasms
  3 giant cockroaches
  5 goblins
  5 hobgoblins
  4 quokkas (D:1)
  5 ball pythons
  3 bats
  4 frilled lizards
  6 kobolds
  3 rats
47 creatures vanquished.

Notes
Turn   | Place    | Note
-------+----------+-------------------------------------------
     0 | D:1      | Ethylacetat the Octopode Shapeshifter began the quest for
                  | the Orb.
     0 | D:1      | Reached XP level 1. HP: 13/13 MP: 1/1
    53 | D:1      | Reached XP level 2. HP: 11/18 MP: 2/2
   250 | D:1      | Reached XP level 3. HP: 17/23 MP: 3/3
  1088 | D:2      | Reached XP level 4. HP: 24/29 MP: 4/4
  1518 | D:3      | Noticed Natasha
  1533 | D:3      | Killed from afar by Natasha

Illustrated notes

Levels and vault maps discovered:
D:1:      evilmike_arrival_fibonacci_small, layout_rooms, minivault_4
D:2:      layout_loops_corners, minmay_pentomino_s4
D:3:      layout_loops_cross, uniq_ijyb, uniq_natasha

Skill      XL: |  1  2  3  4 |
---------------+-------------+-----
Fighting       | 2 |  2.0
Dodging        | |  2.0
Unarmed Combat | |  3.5
Shapeshifting  | |  3.8

Action                     |  1- 3 |  4- 6 || total
---------------------------+-------+-------++-------
  Melee: Unarmed           |    74 |     5 ||    79
         Constrict         |    20 |     1 ||    21
         Tentacles         |    19 |     2 ||    21
         Punch             |     1 |       ||     1
   Stab: Sleeping          |     5 |     1 ||     6
 Armour: Skin              |     5 |       ||     5
  Dodge: Dodged            |    48 |     1 ||    49

Table legend: (Time is in decaauts)
 A = Elapsed time spent in this place.
 B = Non-inter-level travel time spent in this place.
 C = Inter-level travel time spent in this place.
 D = Time resting spent in this place.
 E = Time spent auto-exploring this place.
 F = Levels seen in this place.
 G = Mean time per level.
                   A        B        C        D        E       F      G
               +--------+--------+--------+--------+--------+-----+--------+
         Total |   1527 |   1505 |     22 |      0 |   1263 |   3 |  509.0 |
       Dungeon |   1527 |   1505 |     22 |      0 |   1263 |   3 |  509.0 |
               +--------+--------+--------+--------+--------+-----+--------+

Top non-repeatable levels by time:
     D:2: 977 daAuts
     D:1: 531 daAuts
     D:3: 18 daAuts
